Map: Abiogênese LE

Players

DakkoN - Winner!

  • Race: Protoss Protoss
  • League: Master
  • Spawn Location: 5:00

I.A. 2 (Muito fácil)

  • Race: Zerg Zerg
  • Spawn Location: 11:00

VOD

Have the link to the VOD?

Description

Time

  • Played on: March 14, 2018, 1:20 p.m.
  • Length: 7:03
Show
View Real Time Build Order
Export as new Build Order

DakkoN Protoss - Winner!

Build Orders: 1 Gate Expand, Zealot Archon 

Get SALT Encoding   

  12  0:08  Probe  
  13  0:20  Probe  
  14  0:27  Pylon  
  14  0:32  Probe (Chrono Boost)  
  15  0:46  Probe (Chrono Boost)  
  16  0:51  Gateway  
  16  0:53  Probe (Chrono Boost)  
  16  0:55  Assimilator  
  17  1:03  Probe (Chrono Boost)  
  18  1:15  Probe (Chrono Boost)  
  19  1:28  Nexus  
  19  1:39  Cybernetics Core  
  19  1:42  Probe  
  20  1:49  Assimilator  
  20  1:52  Pylon  
  20  1:54  Probe  
  21  2:06  Probe  
  22  2:13  Stalker (Chrono Boost)  
  22  2:16  Warp Gate  
  22  2:18  Probe  
  25  2:30  Probe  
  25  2:35  Adept  
  28  2:38  Gateway  
  28  2:43  Shield Battery, Probe  
  30  2:44  Probe  
  30  2:55  Probe (Chrono Boost)  
  30  2:56  Probe (Chrono Boost)  
  32  3:00  Twilight Council  
  32  3:08  Probe x2 (Chrono Boost)  
  34  3:13  Robotics Facility  
  34  3:15  Probe (Chrono Boost)  
  34  3:16  Probe (Chrono Boost)  
  36  3:22  Probe  
  36  3:26  Probe  
  38  3:34  Probe  
  38  3:36  Charge  
  38  3:38  Probe  
  40  3:46  Probe  
  41  3:51  Probe  
  41  3:52  Pylon  
  42  3:56  Gateway x2  
  42  4:00  Templar Archives  
  42  4:04  Warp Prism  
  46  4:15  Gateway  
  44  4:17  Gateway  
  44  4:19  Sentry  
  44  4:23  Gateway  
  46  4:29  Gateway  
  46  4:32  Gateway  
  46  4:36  Probe x2  
  48  4:39  Assimilator  
  48  4:41  Assimilator  
  48  4:48  Probe x2  
  50  5:11  High Templar x2  
  54  5:16  Pylon  
  54  5:17  Pylon  
  54  5:18  Pylon  
  54  5:19  Pylon x2  
  54  5:20  Pylon  
  54  5:23  Archon  
  54  5:34  Probe x2  
  54  5:35  Pylon  
  56  5:36  Pylon  
  56  5:42  High Templar  
  56  5:43  Zealot x2, High Templar  
  56  5:44  Zealot x2  
  68  5:54  Archon  
  68  5:56  Zealot x2  
  72  5:59  Zealot  
  74  6:07  Zealot x2, High Templar x2  
  74  6:11  Archon  
  82  6:16  Zealot x4  
  90  6:20  Zealot  
  92  6:32  Zealot x2  
  96  6:39  High Templar x2  
  100  6:40  Zealot x4  
  100  6:41  Zealot  
  100  6:45  Archon  
Show
View Real Time Build Order
Export as new Build Order

I.A. 2 (Muito fácil) Zerg 

Build Orders: Pool Only 

Get SALT Encoding   

  12  0:00  Drone  
  13  0:12  Overlord  
  13  0:17  Drone  
  14  0:36  Spawning Pool  
  14  0:37  Extractor  
  14  0:40  Drone  
  13  0:47  Drone  
  14  0:53  Overlord  
  14  1:23  Zergling x2  
  14  1:24  Queen  
  17  1:34  Roach Warren  
  17  1:35  Extractor  
  17  1:39  Drone  
  16  1:46  Drone  
  17  1:51  Zergling x2  
  18  2:06  Drone  
  19  2:14  Drone  
  20  2:19  Zergling x2  
  20  2:22  Drone  
  22  2:32  Overlord  
  22  2:37  Drone  
  23  2:44  Drone  
  23  2:47  Roach  
  26  2:52  Drone  
  27  5:30  Zergling x2  
  27  6:36  Zergling x2  
  27  6:39  Overlord  
  25  6:45  Drone  
Tags
 
Add a new tag
Caveats
  • Supply blocks, unpowered buildings, or Contaminate may cause inaccurate times.
  • Supply counts are checked every 10 seconds.